 Dungeon Crawl Stone Soup version 0.31.0-12-g77e489cdc1 (webtiles) character file.

Game seed: 7510882364735002184

638 Doomgape the Trooper (level 7, -3/63 HPs)
             Began as a Ghoul Fighter on Feb 11, 2024.
             Killed by divine providence
             ... invoked by an orc priest
              (16 damage)
             ... on level 5 of the Dungeon.
             The game lasted 00:09:44 (4123 turns).

Doomgape the Trooper (Ghoul Fighter)                Turns: 4123, Time: 00:09:45

Health: -3/63      AC:  9    Str: 21 (22) XL:     7   Next: 50%
Magic:  7/7        EV: 13    Int:  7      God:
Gold:   118        SH:  3    Dex:  6 (8)  Spells: 6/6 levels left

rFire   . . .        a - +0 flail
rCold   + . .        c - +0 buckler
rNeg    + + +        f - +0 chain mail
rPois   ∞            (no helmet)
rElec   .            (no cloak)
rCorr   .            (no gloves)
SInv    .            (no boots)
Will    .....        (no amulet) Stlth
                     g - +5 ring of evasion
HPRegen 0.00/turn    (no ring)
MPRegen 0.10/turn

%: no passive effects
@: inhibited regen
A: claws 1, cold resistance 1, negative energy resistance 3, inhibited
regeneration, torment resistance 2, devour on kill
a: no special abilities


You were on level 5 of the Dungeon.
You visited 1 branch of the dungeon, and saw 5 of its levels.

You collected 118 gold pieces.

Inventory:

Hand Weapons
 a - a +0 flail (weapon)
Armour
 c - a +0 buckler (worn)
 f - a +0 chain mail (worn)
Jewellery
 g - a +5 ring of evasion (left claw)
Wands
 h - a wand of paralysis (5)
Scrolls
 j - a scroll of brand weapon {unknown}
 l - a scroll of enchant weapon {unknown}
 p - a scroll of noise {unknown}
 q - a scroll of identify {unknown}
Potions
 d - 2 potions of might
 e - a potion of heal wounds {unknown}
 i - a potion of haste {unknown}
 k - a potion of enlightenment {unknown}
 m - a potion of mutation {unknown}
 n - a potion of curing
 o - a potion of brilliance {unknown}
 r - a potion of degeneration


   Skills:
 + Level 6.0 Fighting
 + Level 4.4 Maces & Flails
 + Level 4.9 Armour
 - Level 2.6 Shields


You had 6 spell levels left.
You didn't know any spells.
Your spell library contained the following spells:

 Spells                   Type           Power      Damage    Failure   Level
 Shock                    Conj/Air       0%         1d3       98%         1
 Swiftness                Air            0%         N/A       100%        3
 Airstrike                Air            0%         2d(0-16)  100%        4


Dungeon Overview and Level Annotations

Branches:
Dungeon (5/15)
 Temple: D:4-7

Altars:
Dithmenos
Qazlal


Innate Abilities, Weirdness & Mutations

You are immune to poison.
You have sharp fingernails.
Your flesh is cold resistant. (rC+)
You are immune to negative energy. (rN+++)
You do not regenerate when monsters are visible.
You are immune to unholy pain and torment.
You thrive by killing the living.


Message History

The orc priest hits you but does no damage.
You barely miss the orc priest.
The orc priest is heavily wounded.
The orc shouts!
The orc priest hits you with a +0 hand axe.
* * * LOW HITPOINT WARNING * * *
An orc comes into view. It is wielding a +0 mace.
You barely miss the orc priest.
The orc priest is heavily wounded.
The orc shouts!
The orc priest closely misses you.
You hit the orc priest.
The orc priest is heavily wounded.
The orc priest closely misses you.
You completely miss the orc priest.
The orc priest is heavily wounded.
The orc priest hits you but does no damage.
You hit the orc priest but do no damage.
The orc priest is heavily wounded.
You block the orc priest's attack.
An orc comes into view. It is wielding a +0 mace.
The orc priest calls upon Beogh to heal the orc priest.
The orc priest is healed somewhat.
The orc priest barely misses you.
The orc shouts!
You barely miss the orc priest.
The orc priest is lightly wounded.
The orc priest closely misses you.
You hit the orc priest but do no damage.
The orc priest is lightly wounded.
The orc priest hits you but does no damage.
You barely miss the orc priest.
The orc priest is lightly wounded.
The orc priest hits you but does no damage.
The orc priest calls upon Beogh to heal the orc priest.
The orc priest's wounds heal themselves!
You hear a shout!
You barely miss the orc priest.
The orc priest invokes the aid of Beogh against you.
Beogh smites you!
You die...

#.. #...#
#..##...### #
#.........#
#.#.........#
..#...#.../...###
................#
####..#..o....#.#
#..###..o###.###
#.......oo@....#
........o###.#.#
##.≈.[....§.....#
..........≈....#
.....≈§§≈......#
....≈#§≈###....#
.....#≈≈≈§≈.≈..#
.....#≈>_≈§≈§..#
#....≈#≈8.≈#≈≈..#


You could see 2 orc priests and 3 orcs.

Vanquished Creatures
  Duvessa (D:4)
  A phantom (D:5)
  2 scorpions (D:4)
  Blork the orc (D:4)
  Dowan (D:4)
  A howler monkey (D:4)
  An orc priest (D:5)
  A bombardier beetle (D:3)
  A sleepcap (D:4)
  3 adders
  4 dart slugs
  4 ribbon worms
  An orc (D:3)
  6 ball pythons
  3 bats
  3 endoplasms
  2 giant cockroaches (D:4)
  3 hobgoblins
  7 jackals
  7 kobolds
  2 quokkas
  7 frilled lizards
  8 goblins
  12 rats
82 creatures vanquished.

Notes
Turn   | Place    | Note
-------+----------+-------------------------------------------
     0 | D:1      | Doomgape the Ghoul Fighter began the quest for the Orb.
     0 | D:1      | Reached XP level 1. HP: 19/19 MP: 1/1
    84 | D:1      | Reached XP level 2. HP: 25/26 MP: 2/2
   386 | D:1      | Reached XP level 3. HP: 33/33 MP: 3/3
  1424 | D:2      | Reached skill level 4 in Fighting
  1425 | D:2      | Reached XP level 4. HP: 39/40 MP: 4/4
  2196 | D:3      | Found a shadowy altar of Dithmenos.
  2512 | D:3      | Reached XP level 5. HP: 40/47 MP: 5/5
  2566 | D:3      | Found a faded altar of an unknown god.
  2944 | D:4      | Reached skill level 5 in Fighting
  2944 | D:4      | Reached XP level 6. HP: 53/56 MP: 6/6
  3150 | D:4      | Noticed Blork the orc
  3179 | D:4      | Killed Blork the orc
  3662 | D:4      | Noticed Duvessa
  3662 | D:4      | Noticed Dowan
  3679 | D:4      | Killed Duvessa
  3680 | D:4      | Reached XP level 7. HP: 9/61 MP: 7/7
  3704 | D:4      | Killed Dowan
  4041 | D:5      | Entered Level 5 of the Dungeon
  4043 | D:5      | Found a stormy altar of Qazlal.
  4106 | D:5      | Reached skill level 6 in Fighting
  4123 | D:5      | Killed from afar by an orc priest

Illustrated notes

Levels and vault maps discovered:
D:1:      nagdon_arrival_zigzag_paths, layout_loops_ring,
          hangedman_abyss_or_decor_lesser_grid, chequers_serial_rivers_room_b
D:2:      layout_basic
D:3:      layout_basic, nicolae_overflow_hidden_temple,
          ebering_ecumenical_altar_abandoned, kennysheep_generic_room_10
D:4:      layout_basic, tso_altar, cheibrodos_sewer_entry_bend,
          uniq_blork_the_orc, uniq_duvessa
D:5:      layout_loops_ring, nicolae_qazlal_general_emergency,
          jmf_multi_god_temple, dreamdust_mushroom_princess

Skill      XL: |  1  2  3  4  5  6  7 |
---------------+----------------------+-----
Maces & Flails | 2 3 4 |  4.4
Armour         | 3 4 |  4.9
Fighting       | 4 5 6 |  6.0
Shields        | |  2.6

Action                     |  1- 3 |  4- 6 |  7- 9 || total
---------------------------+-------+-------+-------++-------
  Melee: Flail             |   132 |   145 |    45 ||   322
    Use: Scroll            |     1 |     1 |       ||     2
         Potion            |       |     5 |     2 ||     7
 Armour: Scale mail        |    53 |       |       ||    53
         Chain mail        |    44 |   148 |    22 ||   214
  Dodge: Dodged            |    50 |    67 |    19 ||   136
  Block: Buckler           |    22 |    35 |     5 ||    62
